 Dungeon Crawl Stone Soup version 0.17-a0-1403-g9df874c (webtiles) character file.

376 ohyou the Slasher (level 6, -5/52 HPs)
             Began as a Naga Gladiator on June 20, 2015.
             Slain by miau's ghost (12 damage)
             ... on level 3 of the Dungeon.
             The game lasted 00:16:36 (4659 turns).

ohyou the Slasher (Naga Gladiator)                  Turns: 4659, Time: 00:16:37

Health: -5/52      AC: 10    Str: 17    XL:     6   Next: 73%
Magic:  6/6        EV:  5    Int: 14    God:
Gold:   144        SH:  0    Dex: 13    Spells: 0 memorised, 5 levels left

rFire  + . .     SeeInvis +     a - +1 long sword
rCold  . . .     Clarity  .     i - +1 chain mail {rF+}
rNeg   . . .     SustAt   +     (no shield)
rPois  +         Gourm    .     c - +0 helmet
rElec  .         Spirit   .     (no cloak)
rCorr  +         Warding  .     q - +1 pair of gloves
rMut   .         Stasis   .     (no barding)
MR     .....                    g - amulet of resist corrosion
Stlth  ..........               s - +5 ring of intelligence
                                v - ring of sustain attributes

@: hasted, quick, not resistant to hostile enchantments, extremely unstealthy
A: see invisible, deformed body, poison resistance, slowness 2, slow metabolism
1, spit poison 2, AC +2
a: Spit Poison


   Skills:
 - Level 2.0 Fighting
 + Level 7.3 Long Blades
 - Level 1.7 Throwing
 - Level 2.4 Dodging


You had 5 spell levels left.
You didn't know any spells.


Innate Abilities, Weirdness & Mutations

You cannot wear boots.
Your serpentine skin is tough (AC +2).
You have supernaturally acute eyesight.
Armour fits poorly on your strangely shaped body.
Your system is resistant to poisons.
You cover ground very slowly.
You have a slow metabolism.
You can spit poison.

Inventory:

Hand weapons
 a - a +1 long sword (weapon)
Missiles
 d - 2 throwing nets (quivered)
Armour
 c - a +0 helmet (worn)
 i - a +1 chain mail of fire resistance (worn)
 q - a +1 pair of gloves (worn)
Jewellery
 g - an amulet of resist corrosion (around neck)
 h - an uncursed ring of positive energy
 s - a +5 ring of intelligence (right hand)
 v - a ring of sustain attributes (left hand)
Scrolls
 b - a scroll of enchant armour
 j - 2 scrolls of amnesia
 r - 4 scrolls of identify
Potions
 k - 2 potions of curing
 l - a potion of haste
 o - 2 potions of degeneration {unknown}
 p - a potion of heal wounds {unknown}
 t - a potion of magic {unknown}
 w - a potion of resistance {unknown}
Comestibles
 e - 3 bread rations
 f - a meat ration
 n - a chunk of flesh
 u - a slice of pizza

#.# #..#.........##.##
#W#
#...(.........(..#####
#.#
#.####...###.##......<
# #.#####.# #...#
#.###...... #
#.......# ##.## #.#
####### # ####.####
#.# #.# # #.# #.# #.#
# #.# ######.# #.# #
#.# #...@W.# #. # #.#
#.###### # #.# #.# #
#.# #.# # #.# #.# #
##.###.# # ##...##.# #
#.#...#.# #.## #
##.#.##.# #. #.#<


You could see miau's ghost.


Message History

A giant cockroach comes into view.
A giant cockroach is nearby!
You see here a slice of pizza.
A bat comes into view.
The bat hits you but does no damage.
The giant cockroach bites you but does no damage.
You slash the giant cockroach!
You kill the giant cockroach!
The bat hits you but does no damage.
A rat comes into view.
The bat hits you. The bat hits you but does no damage.
The bat hits you but does no damage. The bat hits you.
The bat barely misses you.
You hit the bat.
You kill the bat!
You closely miss the rat. The rat bites you but does no damage.
You closely miss the rat. The rat bites you.
You slash the rat!
You kill the rat!
No target in view!
You see here a bat corpse.
You butcher the bat corpse.
n - a chunk of flesh You see here a bat skeleton.
u - a slice of pizza You see here a bat skeleton.
Found 26 stones.
Sigmund the Dreaded comes into view.
He is wielding a scythe.
Sigmund shouts!
Sigmund hits you but does no damage.
Throwing (i - inventory):
d - 3 throwing nets (quivered)
Press: ? - help, Shift-Dir - straight line, f - Sigmund
Aim: Sigmund, wielding a scythe and wearing an embroidered robe You throw a throwing net.
The throwing net barely misses Sigmund.
Sigmund gestures at you while chanting. The puff of flame hits you! You resist.
Throwing (i - inventory):
d - 2 throwing nets (quivered)
Press: ? - help, Shift-Dir - straight line, f/p - Sigmund
Aim: Sigmund, wielding a scythe and wearing an embroidered robe You throw a throwing net.
The throwing net hits Sigmund.
Sigmund is caught in the net!
Sigmund casts a spell at you. You resist with some effort.
Sigmund struggles against the net.
Your chain mail prevents you from hitting Sigmund.
You slash Sigmund!
Sigmund is heavily wounded.
Sigmund struggles against the net.
You hit Sigmund.
Sigmund is heavily wounded.
Sigmund struggles against the net.
You hit Sigmund.
Sigmund is severely wounded.
Sigmund struggles to escape the net.
Sigmund gestures at you while chanting. The puff of flame hits you! You resist.
Sigmund struggles against the net.
You slash Sigmund!
You kill Sigmund!
Your Long Blades skill increases to level 7!
You have reached level 6!
Your experience leads to an increase in your attributes!
Your base attributes are Str 17, Int 9, Dex 12.
Increase (S)trength, (I)ntelligence, or (D)exterity?
You feel agile.
Your skin feels tougher.
d - 2 throwing nets (gained 1)
Things that are here:
a scythe; an embroidered robe You start resting.
HP restored.
You now have 144 gold pieces (gained 19).
Things that are here:
a scythe; an embroidered robe Miau's ghost turns its malevolent gaze towards you.
Drink which item? (? for menu, Esc to quit)
Okay, then.
Read which item? (? for menu, Esc to quit)
As you read the scroll labeled XUHUQE RUFU, it crumbles to dust.
It is a scroll of enchant weapon.
Enchant which weapon? (? for menu, Esc to quit)
Your +0 long sword glows red for a moment.
You slash miau's ghost!
Miau's ghost is moderately damaged.
Miau's ghost hits you.
You are electrocuted!
You closely miss miau's ghost.
Miau's ghost is moderately damaged.
Miau's ghost hits you but does no damage.
You are electrocuted!
* * * LOW HITPOINT WARNING * * *
Miau's ghost gestures at you while chanting.
The flame tongue hits you! You resist.
* * * LOW HITPOINT WARNING * * *
Read which item? (? for menu, Esc to quit)
Okay, then.
Drink which item? (? for menu, Esc to quit)
You feel yourself speed up.
You are feeling hungry.
Miau's ghost hits you.
* * * LOW HITPOINT WARNING * * *
You are electrocuted!
You die...

Dungeon Overview and Level Annotations

Branches:
Dungeon (3/15)

Altars:
Zin

Annotations:
D:3 miau's ghost, average DrFE

Notes
Turn   | Place    | Note
--------------------------------------------------------------
     0 | D:1      | ohyou the Naga Gladiator began the quest for the Orb.
     0 | D:1      | Reached XP level 1. HP: 19/19 MP: 1/1
   352 | D:1      | Reached XP level 2. HP: 9/26 MP: 2/2
  1135 | D:1      | Reached skill level 4 in Long Blades
  1253 | D:1      | Reached XP level 3. HP: 14/32 MP: 3/3
  1952 | D:2      | Reached XP level 4. HP: 29/39 MP: 4/4
  2125 | D:2      | Reached skill level 5 in Long Blades
  2516 | D:2      | Reached XP level 5. HP: 17/45 MP: 5/5
  3729 | D:3      | Reached skill level 6 in Long Blades
  4082 | D:3      | Noticed miau's ghost (average DrFE)
  4316 | D:3      | Noticed Terence
  4333 | D:3      | Killed Terence
  4396 | D:3      | Found a glowing silver altar of Zin.
  4563 | D:3      | Noticed Sigmund
  4571 | D:3      | Killed Sigmund
  4571 | D:3      | Reached skill level 7 in Long Blades
  4571 | D:3      | Reached XP level 6. HP: 46/52 MP: 6/6
  4659 | D:3      | Slain by miau's ghost

Vault maps used:
D:1:      sevenhm_arrival_forest_fort_large_4
D:2:      moated_statue
D:3:      zin_statuary, grunt_ministairs_6, uniq_sigmund, uniq_terence

Vanquished Creatures
  Sigmund (D:3)
  Terence (D:3)
  7 gnolls (D:2 D:3)
  5 adders (D:2)
  A worm (D:2)
  4 giant geckos (D:1 D:3)
  4 giant cockroaches (D:2 D:3)
  11 goblins (D:1 D:2 D:3)
  5 hobgoblins (D:1 D:2 D:3)
  8 bats (D:1 D:2 D:3)
  5 giant newts (D:1 D:2 D:3)
  12 jackals (D:1 D:2 D:3)
  12 kobolds (D:1 D:2 D:3)
  11 rats (D:1 D:2 D:3)
87 creatures vanquished.

Action                   |  1- 3 |  4- 6 || total
-------------------------+-------+-------++-------
Melee: Long sword        |   148 |   162 ||   310
Throw: Throwing net      |       |     7 ||     7
  Use: Scroll            |       |     4 ||     4
       Potion            |       |     4 ||     4
 Stab: Sleeping          |       |     1 ||     1
  Eat: Chunk             |     2 |     7 ||     9

Table legend:
 A = Turns spent in this place as a percentage of turns spent in the entire game.
 B = Non-inter-level travel turns spent in this place as a percentage of non-inter-level travel turns spent in the entire game.
 C = Inter-level travel turns spent in this place as a percentage of turns spent in this place.
 D = Turns resting spent in this place as a percentage of non-inter-level travel turns spent in this place.
 E = Turns spent auto-exploring this place as a percentage of non-inter-level travel turns spent in this place.
 F = Non-inter-level travel turns spent in this place divided by the number of levels of this place that you've seen.
                   A       B       C       D       E      F
               +-------+-------+-------+-------+-------+----------------------
         Total | 100.0 | 100.0 |   0.9 |   5.6 |  11.1 | 311.0
       Dungeon | 100.0 | 100.0 |   0.9 |   5.6 |  11.1 | 311.0
               +-------+-------+-------+-------+-------+----------------------

Table legend:
 A = Kills in this place as a percentage of kills in entire the game.
 B = Kills by you in this place as a percentage of kills by you in the entire game.
 C = Kills by friends in this place as a percentage of kills by friends in the entire game.
 D = Other kills in this place as a percentage of other kills in the entire game.
 E = Experience gained in this place as a percentage of experience gained in the entire game.
 F = Experience gained in this place divided by the number of levels of this place that you have seen.
                   A       B       C       D       E      F
               +-------+-------+-------+-------+-------+----------------------
         Total | 100.0 | 100.0 |  -nan |  -nan | 100.0 | 179.3
       Dungeon | 100.0 | 100.0 |  -nan |  -nan | 100.0 | 179.3
               +-------+-------+-------+-------+-------+----------------------
